 Dungeon Crawl Stone Soup version 0.19.0-2-gae57169 (webtiles) character file.

494 Patchouli the Magician (level 6, -12/32 HPs)
             Began as a Deep Elf Ice Elementalist on Nov 3, 2016.
             Was a Follower of Kikubaaqudgha.
             Mangled by an orc warrior
             ... wielding a +0 war axe
              (21 damage)
             ... on level 7 of the Dungeon.
             The game lasted 00:16:06 (2106 turns).

Patchouli the Magician (Deep Elf Ice Elementalist)  Turns: 2106, Time: 00:16:06

Health: -12/32     AC:  5    Str:  5    XL:     6   Next: 92%
Magic:  6/17       EV: 13    Int: 22    God:    Kikubaaqudgha [*.....]
Gold:   103        SH:  0    Dex: 15    Spells: 6 memorised, 1 level left

rFire  . . .     SeeInvis .     i - +1 hunting sling (freeze)
rCold  . . .     Gourm    .     a - +0 robe
rNeg   . . .     Faith    .     (no shield)
rPois  .         Spirit   .     (no helmet)
rElec  .         Reflect  .     r - +1 cloak
rCorr  .         Harm     .     p - +0 pair of gloves
MR     .....                    (no boots)
Stlth  ++........               (no amulet)
                                (no ring)
                                (no ring)

@: very slightly contaminated
A: no striking features
a: Receive Corpses, Renounce Religion


You were on level 7 of the Dungeon.
You worshipped Kikubaaqudgha.
Kikubaaqudgha was aware of your devotion.
You were not hungry.

You visited 1 branch of the dungeon, and saw 7 of its levels.

You collected 103 gold pieces.

Inventory:

Hand Weapons
 i - a +1 hunting sling of freezing (weapon)
 q - a +4 dagger of draining
Missiles
 j - 31 stones
 l - 38 sling bullets (quivered)
Armour
 a - a +0 robe (worn)
 o - a +1 ring mail of magic resistance
 p - a +0 pair of gloves (worn)
 r - a +1 cloak (worn)
Wands
 n - a wand of polymorph (13/24)
Scrolls
 d - a scroll of teleportation
 e - 2 scrolls of identify
 f - a scroll of remove curse
 k - a scroll of amnesia {unknown}
 u - a scroll of random uselessness {unknown}
Books
 b - a book of Frost

   Spells                             Type                      Level
   a - Freeze                         Ice                          1
   b - Throw Frost                    Conjuration/Ice              2
   c - Ozocubu's Armour               Charms/Ice                   3
   d - Throw Icicle                   Conjuration/Ice              4
   e - Summon Ice Beast               Ice/Summoning                4
 m - Kikubaaqudgha's Guide on Darkness
   (Kikubaaqudgha gifted it to you on level 5 of the Dungeon)

   Spells                             Type                      Level
   a - Pain                           Necromancy                   1
   b - Corpse Rot                     Necromancy                   2
   c - Sublimation of Blood           Necromancy                   2
   d - Vampiric Draining              Necromancy                   3
   e - Control Undead                 Necromancy                   4
 t - a book of Misfortune

   Spells                             Type                      Level
   a - Confusing Touch                Hexes                        1
   b - Confuse                        Hexes                        3
   c - Gell's Gravitas                Hexes/Translocation          3
   d - Petrify                        Transmutation/Earth          4
   e - Metabolic Englaciation         Hexes/Ice                    5
   f - Yara's Violent Unravelling     Hexes/Transmutation          5
 w - a book of Air

   Spells                             Type                      Level
   a - Shock                          Conjuration/Air              1
   b - Swiftness                      Charms/Air                   2
   c - Repel Missiles                 Charms/Air                   2
   d - Static Discharge               Conjuration/Air              3
   e - Lightning Bolt                 Conjuration/Air              5
Comestibles
 c - 4 bread rations
 h - 3 fruits
 s - a meat ration


   Skills:
 * Level 1.8 Armour
 - Level 2.4 Dodging
 - Level 2.4 Stealth
 * Level 6.0 Spellcasting
 + Level 3.2 Conjurations
 + Level 0.0 Charms
 * Level 2.6 Summonings
 - Level 2.0 Necromancy
 * Level 4.8 Ice Magic
 + Level 0.0 Air Magic


You had one spell level left.
You knew the following spells:

 Your Spells              Type           Power        Failure   Level  Hunger
a - Freeze                Ice            ####         1%          1    None
b - Throw Frost           Conj/Ice       ###...       2%          2    None
c - Throw Icicle          Conj/Ice       ###.....     17%         4    ###....
d - Swiftness             Chrm/Air       #.......     14%         2    None
q - Ozocubu's Armour      Chrm/Ice       ###.....     12%         3    #......
s - Summon Ice Beast      Ice/Summ       ###.....     21%         4    ###....


Dungeon Overview and Level Annotations

Branches:
Dungeon (7/15)
 Temple: D:4-7

Altars:
Kikubaaqudgha

Shops:
D:5 [

Annotations:
D:5 Grinder


Message History

The orc warrior is heavily wounded.
The orc warrior hits you with a war axe!!
Ouch! That really hurt!
* * * LOW HITPOINT WARNING * * *
The orc warrior hits your ice beast with a war axe.
Your ice beast barely misses the orc warrior.
You feel better. The orc warrior barely misses you.
The orc warrior hits your ice beast with a war axe.
Your ice beast hits the orc warrior but does no damage.
Casting: Freeze
Confirm with . or Enter, or press ? or * to list all spells.
Aiming: Freeze
Press: ? - help, Shift-Dir - straight line, f/p - orc warrior
Aim: an orc warrior, wielding a war axe and wearing a chain mail (heavily wounded)
You freeze the orc warrior.
The orc warrior is severely wounded.
The orc warrior hits you with a war axe!!
Ouch! That really hurt!
You die...
Kikubaaqudgha rasps: "You have failed me!
Welcome... death!"

######### ........#
........#
...<....#############
...................>#
...............####.
........###.##Y###
#######.##....oo@# .#
#......#o###
.######..#...#.#
.........#...#.#
#..####.##...#.# ...#
#.##. #.# #.......###
#.# #..###### #h
.....


You could see an orc warrior, 2 orcs and a friendly ice beast.

Vanquished Creatures
  A centaur (D:5)
  A crocodile (D:4)
  2 hounds (D:4)
  An orc wizard (D:3)
  2 worker ants
  An adder (D:3)
  A worm (D:3)
  3 leopard geckos
  7 orcs
  A bat (D:3)
  4 giant cockroaches
  A goblin (D:2)
  3 hobgoblins
  2 ball pythons
  A frilled lizard (D:3)
31 creatures vanquished.

Vanquished Creatures (collateral kills)
  Duvessa (D:5)
  An ice beast (D:5)
  Dowan (D:5)
  A bullfrog skeleton (D:5)
  A centaur skeleton (D:5)
  A worker ant (D:5)
  A hound zombie (D:5)
  An adder (D:6)
  3 shadow imps
  A leopard gecko (D:5)
12 creatures vanquished.

Grand Total: 43 creatures vanquished

Notes
Turn   | Place    | Note
-------+----------+-------------------------------------------
     0 | D:1      | Patchouli the Deep Elf Ice Elementalist began the quest for the Orb.
     0 | D:1      | Reached XP level 1. HP: 10/10 MP: 6/6
    76 | D:2      | Found an ancient bone altar of Kikubaaqudgha.
    86 | D:2      | Became a worshipper of Kikubaaqudgha
   284 | D:3      | Reached XP level 2. HP: 15/15 MP: 5/8
   290 | D:3      | Learned a level 2 spell: Throw Frost
   346 | D:4      | Reached skill level 4 in Spellcasting
   346 | D:4      | Reached skill level 1 in Necromancy
   346 | D:4      | Reached XP level 3. HP: 6/19 MP: 3/10
   476 | D:3      | Reached XP level 4. HP: 14/24 MP: 5/12
   497 | D:3      | Reached skill level 5 in Spellcasting
   653 | D:3      | Learned a level 3 spell: Ozocubu's Armour
   661 | D:3      | Learned a level 4 spell: Summon Ice Beast
  1050 | D:4      | Reached XP level 5. HP: 20/28 MP: 0/14
  1169 | D:5      | Entered Level 5 of the Dungeon
  1248 | D:5      | Noticed Grinder
  1252 | D:5      | Paralysed by Grinder for 7 turns
  1256 | D:5      | Noticed a centaur
  1267 | D:5      | Killed a centaur
  1267 | D:5      | Reached skill level 1 in Armour
  1267 | D:5      | Reached skill level 1 in Summonings
  1364 | D:4      | Noticed a crocodile
  1437 | D:4      | Killed a crocodile
  1437 | D:4      | Reached XP level 6. HP: 23/32 MP: 12/16
  1507 | D:5      | Noticed an ice beast
  1570 | D:5      | Killed an ice beast
  1679 | D:5      | Noticed Duvessa
  1689 | D:5      | Reached * piety under Kikubaaqudgha
  1689 | D:5      | Identified Kikubaaqudgha's Guide on Darkness (Kikubaaqudgha gifted it to you on level 5 of the Dungeon)
  1689 | D:5      | Received a gift from Kikubaaqudgha
  1699 | D:5      | Killed Duvessa
  1700 | D:5      | Noticed Dowan
  1706 | D:5      | Killed Dowan
  1767 | D:5      | Learned a level 4 spell: Throw Icicle
  1777 | D:5      | Found Lidappue's Antique Armour Shoppe.
  1927 | D:6      | Reached skill level 6 in Spellcasting
  2004 | D:7      | Learned a level 2 spell: Swiftness
  2093 | D:6      | Noticed an orc warrior
  2106 | D:7      | Mangled by an orc warrior

Skill      XL: |  1  2  3  4  5  6 |
---------------+-------------------+-----
Spellcasting   | 4 5 6 |  6.0
Necromancy     | 1 2 |  2.0
Conjurations   | 2 3 |  3.2
Ice Magic      | 4 |  4.8
Armour         | 1 |  1.8
Summonings     | 1 2 |  2.6
Dodging        | |  2.4
Stealth        | |  2.4

Action                   |  1- 3 |  4- 6 || total
-------------------------+-------+-------++-------
 Fire: Hunting sling     |    21 |    26 ||    47
 Cast: Freeze            |    14 |    34 ||    48
       Throw Frost       |     2 |     2 ||     4
       Ozocubu's Armour  |       |     4 ||     4
       Summon Ice Beast  |       |    15 ||    15
  Use: Scroll            |       |     7 ||     7
       Potion            |       |     6 ||     6
  Eat: Chunk             |       |     6 ||     6
       Fruit             |       |     1 ||     1
Armor: Robe              |       |    29 ||    29
Dodge: Dodged            |     3 |    38 ||    41
